[Event "Titled Tuesday Blitz August 22 Early 2023"]
[White "Boarish_Male"]
[Black "Astafurov, Arseniy"]
[BlackFideId "24175218"]
[WhiteElo "2604"]
[BlackElo "2429"]
[Result "1-0"]
[Round "5"]
[TimeControl "180+1"]
[Date "2023.08.22"]
[WhiteClock "0:00:20"]
[BlackClock "0:00:00"]
[Board "89"]

1. e4 e6 2. d4 d5 3. Nd2 Be7 4. e5 c5 5. c3 Qb6 6. Ngf3 Nc6 7. Nb3 cxd4 8. cxd4 Bb4+ 9. Bd2 Nge7 10. Bd3 a5 11. O-O a4 12. Bxb4 Qxb4 13. Nc5 Nxd4 14. Nxd4 Qxc5 15. Rc1 Qb6 16. Nb5 O-O 17. Qc2 Ng6 18. Rfe1 Bd7 19. Qc7 Qxc7 20. Rxc7 Bc6 21. Nd6 Rab8 22. g3 Nh8 23. f4 Rfd8 24. Kf2 Rd7 25. Rxd7 Bxd7 26. Rc1 Bc6 27. Ke3 f6 28. Kd4 Nf7 29. Bxh7+ Kf8 30. Nxf7 Kxf7 31. Bd3 Rh8 32. h4 Ra8 33. Rc5 Ra7 34. Bb5 Bxb5 35. Rxb5 f5 36. Kc5 Ke7 37. Kb6 Ra8 38. Kxb7 Rh8 39. Rc5 Rd8 40. Kb6 d4 41. Rc2 Rd5 42. b3 axb3 43. axb3 Kd7 44. b4 d3 45. Rd2 g6 46. b5 Ke7 47. Kc6 Kd8 48. b6 Kc8 49. b7+ Kb8 50. Ra2 1-0


[Site "https://www.chess.com"]

[Event "Titled Tuesday Blitz August 22 Early 2023"]
[White "Dilmukhametov, Artur"]
[Black "Arabidze, Meri"]
[WhiteFideId "24179922"]
[BlackFideId "13604040"]
[WhiteElo "2190"]
[BlackElo "2581"]
[Result "0-1"]
[Round "5"]
[TimeControl "180+1"]
[Date "2023.08.22"]
[WhiteClock "0:00:00"]
[BlackClock "0:00:05"]
[Board "90"]

1. e4 c5 2. Nf3 e6 3. c3 d5 4. e5 Bd7 5. d4 Qb6 6. a3 Bb5 7. Bxb5+ Qxb5 8. b4 b6 9. a4 Qa6 10. b5 Qb7 11. O-O Ne7 12. Ba3 Nf5 13. Nbd2 h5 14. c4 cxd4 15. Bxf8 Kxf8 16. Qb3 Nd7 17. cxd5 Nc5 18. Qc4 Qxd5 19. Qxd5 exd5 20. a5 Re8 21. axb6 axb6 22. Ra7 Rh6 23. Rfa1 Rg6 24. h4 Ne4 25. Nb3 d3 26. Rd7 Rg4 27. Rxd5 Nc3 28. Rxd3 Ne2+ 29. Kf1 Nf4 30. Rd7 Nxg2 31. Ng5 Ngxh4 32. Rxf7+ Kg8 33. Rxf5 Nxf5 34. Nf3 Rf4 35. Nbd2 h4 36. Ra6 Nd4 37. Nxd4 Rxd4 38. Nf3 Rf4 39. Kg2 Ref8 40. Ng5 Rxf2+ 41. Kh3 R2f5 42. Kxh4 Rxe5 43. Rxb6 Rf4+ 44. Kg3 Rf8 45. Kg4 Rc5 46. Rb7 Re8 47. b6 Rb5 48. Kf4 Rf8+ 49. Kg4 Re8 50. Kf4 Rb4+ 51. Kf5 Rf8+ 52. Ke5 Rb5+ 53. Kd6 Rxg5 54. Re7 Rb5 55. Kc7 Rf7 0-1


[Site "https://www.chess.com"]

[Event "Titled Tuesday Blitz August 22 Early 2023"]
[White "Shimanov, Aleksandr"]
[Black "Khamdamova, Afruza"]
[WhiteFideId "4198603"]
[BlackFideId "14210444"]
[WhiteElo "2939"]
[BlackElo "2484"]
[Result "0-1"]
[Round "5"]
[TimeControl "180+1"]
[Date "2023.08.22"]
[WhiteClock "0:00:00"]
[BlackClock "0:00:14"]
[Board "91"]

1. Nf3 d5 2. g3 Nf6 3. Bg2 c5 4. O-O Nc6 5. d3 e5 6. e4 d4 7. a4 Bd6 8. Na3 O-O 9. Nh4 a6 10. Nc4 Bc7 11. Nf5 Rb8 12. Bg5 b5 13. axb5 axb5 14. Nd2 h6 15. Bh4 Re8 16. f4 Re6 17. Bh3 Re8 18. Qf3 Bxf5 19. Bxf5 Rb6 20. Kh1 Ne7 21. Ra7 exf4 22. gxf4 Nxf5 23. exf5 Bb8 24. Ra8 Qd5 25. Bxf6 Qxf3+ 26. Rxf3 Rxf6 27. Ne4 Rxf5 28. Nd6 Bxd6 29. Rxe8+ Kh7 30. Kg2 Bxf4 31. Rf2 g5 32. Rb8 b4 33. Re8 Kg7 34. h3 Rd5 35. Rfe2 Rf5 36. Rf2 Rd5 37. Rf1 Rd7 38. Ra1 Rd5 39. Raa8 Rf5 40. Rg8+ Kh7 41. Rh8+ Kg6 42. Rag8+ Kh5 43. Rxh6+ Kxh6 44. Rh8+ Kg7 45. Rc8 Re5 46. Kf3 Re3+ 47. Kg4 Rg3+ 48. Kf5 Rxh3 49. Rxc5 Rf3 50. Kg4 Rf2 51. Rc4 Be3 52. Rxb4 Rxc2 53. Rb7 Rd2 54. b4 Rxd3 55. b5 Rb3 56. b6 d3 57. Kf3 d2 58. Ke2 g4 59. Rb8 g3 0-1


[Site "https://www.chess.com"]

[Event "Titled Tuesday Blitz August 22 Early 2023"]
[White "Dardha, Daniel"]
[Black "Itkis, Boris"]
[WhiteFideId "240990"]
[BlackFideId "1209167"]
[WhiteElo "2936"]
[BlackElo "2482"]
[Result "1-0"]
[Round "5"]
[TimeControl "180+1"]
[Date "2023.08.22"]
[WhiteClock "0:01:07"]
[BlackClock "0:00:13"]
[Board "92"]

1. e4 e6 2. d4 d5 3. Nc3 Bb4 4. e5 c5 5. a3 Bxc3+ 6. bxc3 Ne7 7. Qg4 Qc7 8. Bd3 c4 9. Be2 Qa5 10. Bd2 Nf5 11. Qf4 Nc6 12. Bg4 Qa4 13. Ra2 Qb5 14. Bc1 Bd7 15. Nf3 Qa5 16. Bxf5 exf5 17. a4 h6 18. h4 O-O-O 19. h5 Be6 20. Kd2 Rd7 21. Ba3 a6 22. Rb1 Qd8 23. Qg3 Rg8 24. Bd6 f6 25. Rab2 fxe5 26. dxe5 Bf7 27. Rb6 Bxh5 28. Rxc6+ 1-0


[Site "https://www.chess.com"]

[Event "Titled Tuesday Blitz August 22 Early 2023"]
[White "Pakleza, Zbigniew"]
[Black "Tsyhanchuk, Stanislav"]
[WhiteFideId "1119290"]
[BlackFideId "13505130"]
[WhiteElo "2831"]
[BlackElo "2482"]
[Result "1-0"]
[Round "5"]
[TimeControl "180+1"]
[Date "2023.08.22"]
[WhiteClock "0:00:10"]
[BlackClock "0:00:03"]
[Board "93"]

1. d4 Nf6 2. Nf3 e6 3. Bf4 c5 4. c3 Nc6 5. e3 d5 6. Nbd2 Bd6 7. Bg3 O-O 8. Bd3 b6 9. Ne5 Bb7 10. f4 Ne7 11. Qb1 g6 12. Bf2 Bc7 13. O-O Nf5 14. g4 Nd6 15. Bh4 Kg7 16. Qe1 Nde4 17. Nxe4 dxe4 18. Bb5 cxd4 19. cxd4 h6 20. Rc1 Bd6 21. Nd7 Be7 22. Nxf8 Kxf8 23. f5 exf5 24. gxf5 g5 25. Bg3 Bd6 26. Bc4 Kg7 27. Be5 Be7 28. Bb3 Bd5 29. h4 Bxb3 30. axb3 Qd5 31. hxg5 hxg5 32. Qg3 Rg8 33. Rc7 Bd8 34. Rc8 Kh6 35. Rf2 Nh5 36. Rh2 Qd7 37. Rxh5+ Kxh5 38. Qh3# 1-0


[Site "https://www.chess.com"]

[Event "Titled Tuesday Blitz August 22 Early 2023"]
[White "Flynn, Jacob"]
[Black "Wagner, Dennis"]
[WhiteFideId "2509393"]
[BlackFideId "24650684"]
[WhiteElo "2482"]
[BlackElo "2748"]
[Result "0-1"]
[Round "5"]
[TimeControl "180+1"]
[Date "2023.08.22"]
[WhiteClock "0:00:11"]
[BlackClock "0:00:09"]
[Board "94"]

1. d4 Nf6 2. c4 e6 3. g3 Bb4+ 4. Nd2 O-O 5. Bg2 d5 6. Nf3 b6 7. O-O Bb7 8. a3 Be7 9. cxd5 exd5 10. b4 a5 11. b5 c6 12. Qa4 cxb5 13. Qxb5 Ba6 14. Qb2 Bxe2 15. Re1 Ba6 16. Ne5 Re8 17. Ndf3 Ne4 18. Bf4 Ra7 19. Rac1 Bf8 20. Bh3 f6 21. Nc6 Nxc6 22. Rxc6 Rae7 23. Rb1 Bd3 24. Rd1 Bc4 25. Rxb6 Nxf2 26. Qxf2 Qxb6 27. Bf1 Bxf1 28. Qxf1 Re2 29. Qh3 Bxa3 30. Qh5 Qb3 31. Rf1 Bb2 32. Ne5 Bxd4+ 33. Kh1 R2xe5 34. Bxe5 Rxe5 35. Qg4 Qb7 36. Rc1 Bc5 37. Rxc5 d4+ 38. Kg1 Rxc5 39. Qe6+ Qf7 40. Qd6 0-1


[Site "https://www.chess.com"]

[Event "Titled Tuesday Blitz August 22 Early 2023"]
[White "Urbina Perez, Juan Antonio"]
[Black "Weetik, Vjacheslav"]
[WhiteFideId "2217368"]
[BlackFideId "4153472"]
[WhiteElo "2480"]
[BlackElo "2735"]
[Result "0-1"]
[Round "5"]
[TimeControl "180+1"]
[Date "2023.08.22"]
[WhiteClock "0:01:15"]
[BlackClock "0:00:48"]
[Board "95"]

1. e4 c6 2. d4 d5 3. Nd2 dxe4 4. Nxe4 Bf5 5. Ng3 Bg6 6. Nh3 e6 7. Nf4 Bd6 8. c3 Nf6 9. Qf3 Qb6 10. Bc4 Nbd7 11. O-O O-O 12. Nxg6 hxg6 13. Ne4 Nxe4 14. Qxe4 Nf6 15. Qf3 c5 16. dxc5 Bxc5 17. Bb3 a5 18. Bc2 Rfd8 19. Rb1 Rd5 20. b4 axb4 21. cxb4 Bd4 22. Bb3 Rf5 23. Qe2 Bxf2+ 24. Kh1 Bd4 25. Rxf5 gxf5 26. a3 Ne4 27. Bd2 Rxa3 28. Bc4 Nf2+ 29. Kg1 Ng4+ 30. Kh1 Nf2+ 31. Kg1 Qc7 32. g3 Ne4+ 33. Kh1 Nxd2 34. Qxd2 Qxc4 0-1


[Site "https://www.chess.com"]

[Event "Titled Tuesday Blitz August 22 Early 2023"]
[White "Morefield, Jason"]
[Black "Gavilan Diaz, Mario"]
[WhiteFideId "30920825"]
[BlackFideId "2260905"]
[WhiteElo "2699"]
[BlackElo "2478"]
[Result "1-0"]
[Round "5"]
[TimeControl "180+1"]
[Date "2023.08.22"]
[WhiteClock "0:00:34"]
[BlackClock "0:00:14"]
[Board "96"]

1. e4 e6 2. d4 d5 3. Nc3 Bb4 4. e5 c5 5. Bd2 Ne7 6. Nb5 Bxd2+ 7. Qxd2 O-O 8. f4 cxd4 9. Nf3 Nbc6 10. Bd3 f6 11. O-O fxe5 12. fxe5 Nf5 13. Bxf5 Rxf5 14. Nbxd4 Nxd4 15. Qxd4 Bd7 16. Rae1 Qb6 17. Qxb6 axb6 18. a3 Bb5 19. Rf2 Raf8 20. h3 g5 21. Re3 h5 22. Rd2 Bd7 23. Nd4 Rf1+ 24. Kh2 h4 25. Nf3 Kg7 26. Nxg5 Rb1 27. Nf3 Rxb2 28. Nxh4 Rc8 29. Rg3+ Kh8 30. Rf2 Be8 31. Rf6 Kh7 32. Rxe6 Rbxc2 33. Re7+ Kh6 34. Nf5+ Kh5 35. Rh7# 1-0


[Site "https://www.chess.com"]

[Event "Titled Tuesday Blitz August 22 Early 2023"]
[White "Omariev, Maksim"]
[Black "Zhao, Jun"]
[WhiteFideId "4193423"]
[BlackFideId "8602522"]
[WhiteElo "2478"]
[BlackElo "2695"]
[Result "0-1"]
[Round "5"]
[TimeControl "180+1"]
[Date "2023.08.22"]
[WhiteClock "0:00:15"]
[BlackClock "0:01:46"]
[Board "97"]

1. g4 d5 2. Bg2 e5 3. d4 e4 4. g5 c5 5. Nc3 Be6 6. Bf4 cxd4 7. Qxd4 Nc6 8. Qa4 Bb4 9. e3 Bxc3+ 10. bxc3 Ne7 11. h4 O-O 12. Ne2 Bg4 13. Nd4 Rc8 14. h5 a6 15. h6 Nxd4 16. hxg7 Rc4 17. gxf8=Q+ Kxf8 18. Qxc4 Nxc2+ 19. Kd2 dxc4+ 20. Kxc2 Qd3+ 21. Kb2 Qd2+ 22. Kb1 Bd1 23. Rxd1 Qxd1+ 24. Kb2 Qd2+ 25. Kb1 Nd5 26. Be5 Nxc3+ 27. Bxc3 Qxc3 28. Bxe4 Qe1+ 29. Kb2 c3+ 0-1


[Site "https://www.chess.com"]

[Event "Titled Tuesday Blitz August 22 Early 2023"]
[White "Jakubowski, Krzysztof"]
[Black "Pax-Pramana"]
[WhiteFideId "1112848"]
[WhiteElo "2651"]
[BlackElo "2478"]
[Result "1-0"]
[Round "5"]
[TimeControl "180+1"]
[Date "2023.08.22"]
[WhiteClock "0:00:50"]
[BlackClock "0:00:00"]
[Board "98"]

1. e4 e6 2. d3 d5 3. Nd2 Nf6 4. Ngf3 Nc6 5. a3 a5 6. e5 Nd7 7. d4 f6 8. Qe2 Be7 9. g3 O-O 10. h4 b6 11. Bh3 f5 12. Qe3 Rf7 13. Ng5 Bxg5 14. hxg5 g6 15. f4 Ne7 16. O-O c5 17. c3 Ba6 18. Rf2 Rc8 19. Bf1 Bxf1 20. Nxf1 b5 21. Rh2 Qb6 22. Qf2 Nf8 23. Be3 c4 24. Bd2 Nc6 25. Ne3 Rcc7 26. g4 Ne7 27. gxf5 Nxf5 28. Ng4 Nd7 29. Kg2 Kf8 30. Rah1 Nb8 31. Qf3 Nc6 32. Nf6 b4 33. Nxh7+ Ke7 34. Nf6 bxc3 35. Rh8 Ng7 36. bxc3 Qb2 37. Qf2 Qxa3 38. Rg8 Nb8 39. Rhh8 Rxf6 40. gxf6+ 1-0


[Site "https://www.chess.com"]

[Event "Titled Tuesday Blitz August 22 Early 2023"]
[White "Reprintsev, Alexander"]
[Black "Bulmaga, Irina"]
[WhiteFideId "14100541"]
[BlackFideId "13903063"]
[WhiteElo "2476"]
[BlackElo "2651"]
[Result "0-1"]
[Round "5"]
[TimeControl "180+1"]
[Date "2023.08.22"]
[WhiteClock "0:00:00"]
[BlackClock "0:01:02"]
[Board "99"]

1. e4 c5 2. Nf3 Nc6 3. d4 cxd4 4. Nxd4 e5 5. Nb5 d6 6. N1c3 a6 7. Na3 Nf6 8. Nd5 Be6 9. Nxf6+ Qxf6 10. c4 Qg6 11. f3 f5 12. exf5 Bxf5 13. g4 Bxg4 14. Rg1 Bxf3 15. Rxg6 Bxd1 16. Rg5 Bf3 17. Kf2 Be4 18. Bh3 h6 19. Rg1 g5 20. Be3 Be7 21. Be6 Rf8+ 22. Ke2 Rf6 23. Bd5 Bxd5 24. cxd5 Nb4 25. Rgd1 Rc8 26. Rd2 b5 27. h4 g4 28. h5 Rf5 29. Rh1 Bg5 30. Bxg5 Rxg5 31. Kf2 Kd7 32. Kg3 Rc5 33. Rhd1 Rxh5 34. Kxg4 Rg5+ 35. Kh4 e4 0-1


[Site "https://www.chess.com"]

[Event "Titled Tuesday Blitz August 22 Early 2023"]
[White "Issabayev, Dias"]
[Black "Zhu, Jiner"]
[WhiteFideId "13703110"]
[BlackFideId "8608059"]
[WhiteElo "2475"]
[BlackElo "2647"]
[Result "0-1"]
[Round "5"]
[TimeControl "180+1"]
[Date "2023.08.22"]
[WhiteClock "0:01:12"]
[BlackClock "0:01:43"]
[Board "100"]

1. e4 e5 2. f3 Nf6 3. d4 exd4 4. Qxd4 Nc6 5. Qd1 Bc5 6. Nc3 O-O 7. Bg5 h6 8. Bh4 Re8 9. Be2 g5 10. Bg3 d5 11. exd5 Nb4 12. Bf2 Qe7 13. Qd2 Bxf2+ 14. Kxf2 Qc5+ 15. Kg3 Nh5# 0-1


[Site "https://www.chess.com"]

[Event "Titled Tuesday Blitz August 22 Early 2023"]
[White "Goncalves, Davi Sulzbacher"]
[Black "Haug, Havard"]
[WhiteFideId "2154510"]
[BlackFideId "1547887"]
[WhiteElo "2474"]
[BlackElo "2638"]
[Result "1/2-1/2"]
[Round "5"]
[TimeControl "180+1"]
[Date "2023.08.22"]
[WhiteClock "0:00:10"]
[BlackClock "0:00:12"]
[Board "101"]

1. Nf3 d5 2. c4 e6 3. d4 c5 4. cxd5 exd5 5. g3 Nf6 6. Bg2 Nc6 7. O-O Be7 8. dxc5 Bxc5 9. Nc3 O-O 10. Bg5 d4 11. Bxf6 Qxf6 12. Ne4 Qe7 13. Nxc5 Qxc5 14. Rc1 Qb6 15. Qb3 Qxb3 16. axb3 Re8 17. b4 a6 18. Rfd1 Rd8 19. Rd2 Bg4 20. Rcd1 g6 21. Nxd4 Nxd4 22. Rxd4 Rxd4 23. Rxd4 Bxe2 24. Bxb7 Rb8 25. Bd5 Kg7 26. Be4 f5 27. Bc6 Rc8 28. Rd6 Rb8 29. Rd7+ Kh6 30. Rb7 Rc8 31. Rb6 Rd8 32. f4 Rd2 33. b3 Rb2 34. Bd5 Rc2 35. Rb7 g5 36. fxg5+ Kxg5 37. Rxh7 Rb2 38. Bc4 Bf3 39. Ra7 f4 40. gxf4+ Kxf4 41. Rxa6 Ke3 42. Re6+ Be4 43. h4 Rb1+ 44. Kh2 Rh1+ 45. Kg3 Rg1+ 46. Kh3 Kf4 47. Rxe4+ Kxe4 48. b5 Ke5 49. b6 Rg7 50. h5 Kd6 51. h6 Rh7 52. Kg4 Rxh6 53. b7 Kc7 54. Bd5 Rd6 55. Be4 Rd4 56. Kf5 Rb4 57. Bd5 Rb5 58. Ke6 Rb6+ 59. Ke5 Rh6 60. b4 Kb8 61. b5 Kc7 62. Kd4 Kb8 63. Kc5 Rh2 64. Kb6 Rb2 65. Bc6 Rd2 66. Be4 Rf2 67. Bc6 Rf6 68. Kc5 Kc7 69. b6+ Kb8 70. Kb5 Rf5+ 71. Kb4 Re5 72. Kc4 Rg5 73. Kb4 Rh5 74. Kc4 Rh6 75. Kc5 Rh7 76. Kb5 Rh8 77. Kc5 Rf8 78. Kc4 Rf6 79. Kc5 Rf4 80. Kb5 Rf2 81. Kc5 Rf1 82. Kb5 Re1 83. Kc5 Rc1+ 84. Kb5 Rb1+ 85. Kc5 Ra1 86. Kb5 Ra3 87. Kc5 Rb3 88. Bd5 Rb2 89. Kc6 Rc2+ 90. Kb5 Rc3 91. Bc6 Re3 92. Kc5 Re5+ 93. Bd5 Rh5 94. Kc6 Rh6+ 95. Kc5 Rf6 96. Bc6 Rf1 97. Bd5 Rc1+ 98. Kb5 Rb1+ 99. Kc5 Rxb6 100. Kxb6 1/2-1/2


[Site "https://www.chess.com"]

[Event "Titled Tuesday Blitz August 22 Early 2023"]
[White "Hirneise, Jens"]
[Black "Czopor, Maciej"]
[WhiteFideId "24614734"]
[BlackFideId "21805431"]
[WhiteElo "2469"]
[BlackElo "2621"]
[Result "1-0"]
[Round "5"]
[TimeControl "180+1"]
[Date "2023.08.22"]
[WhiteClock "0:00:40"]
[BlackClock "0:00:00"]
[Board "102"]

1. e4 Nc6 2. d4 d5 3. e5 Bf5 4. Bb5 Qd7 5. Ne2 O-O-O 6. O-O a6 7. Bxc6 Qxc6 8. Nbc3 e6 9. Be3 f6 10. exf6 gxf6 11. Ng3 Bg6 12. Qf3 Bb4 13. Nge2 h5 14. Nf4 Bf5 15. Nxh5 Bxc3 16. bxc3 Be4 17. Qe2 Qxc3 18. Ng3 Ne7 19. Nxe4 dxe4 20. Rab1 Nf5 21. Qg4 Nxe3 22. Qxe6+ Kb8 23. fxe3 Qxe3+ 24. Rf2 Rd6 25. Qb3 Qxb3 26. axb3 Rxd4 27. Rxf6 Rd2 28. Rf2 Rhd8 29. Re1 Rd1 30. Re2 R8d2 31. Rxd2 Rxd2 32. Rxe4 Rxc2 33. h4 Rb2 34. h5 Rb1+ 35. Kh2 Rxb3 36. h6 Rb6 37. Rh4 1-0


[Site "https://www.chess.com"]

[Event "Titled Tuesday Blitz August 22 Early 2023"]
[White "KrokerGuy"]
[Black "Sun, Rick"]
[BlackFideId "30909481"]
[WhiteElo "2468"]
[BlackElo "2619"]
[Result "1-0"]
[Round "5"]
[TimeControl "180+1"]
[Date "2023.08.22"]
[WhiteClock "0:00:12"]
[BlackClock "0:00:10"]
[Board "103"]

1. e4 d6 2. d4 Nf6 3. Nc3 Nbd7 4. Nf3 e5 5. Bc4 Be7 6. O-O O-O 7. a4 c6 8. a5 Qc7 9. Re1 h6 10. d5 Re8 11. a6 b5 12. dxc6 bxc4 13. cxd7 Bxd7 14. Nd5 Nxd5 15. Qxd5 Be6 16. Qb7 Rec8 17. Be3 Qd8 18. Bxa7 Rc7 19. Bb6 Rxb7 20. Bxd8 Rba7 21. Bxe7 Rxe7 22. Red1 Rd7 23. Ra4 Kf8 24. Rda1 Rda7 25. Nd2 Ke7 26. Kf1 Bd7 27. Ra5 Bc8 28. Nxc4 Bxa6 29. Ke1 Rc7 30. Nb6 Rxc2 31. Rxa6 Rxa6 32. Rxa6 Rxb2 33. Nd5+ Kd7 34. Ra7+ Kc6 35. Rc7+ Kb5 36. Rb7+ Kc4 37. Rxb2 Kd4 38. Rb4+ Kc5 39. Rb7 f5 40. f3 fxe4 41. fxe4 Kd4 42. Rb4+ Kc5 43. Ke2 g5 44. Kd3 h5 45. Rb8 g4 46. Rh8 g3 47. hxg3 Kc6 48. Rxh5 Kd7 49. Rh7+ Ke6 50. Re7# 1-0


[Site "https://www.chess.com"]

[Event "Titled Tuesday Blitz August 22 Early 2023"]
[White "Bodnaruk, Anastasia"]
[Black "Dudzinski, Pawel"]
[WhiteFideId "4181751"]
[BlackFideId "1117890"]
[WhiteElo "2613"]
[BlackElo "2466"]
[Result "1-0"]
[Round "5"]
[TimeControl "180+1"]
[Date "2023.08.22"]
[WhiteClock "0:01:21"]
[BlackClock "0:00:00"]
[Board "104"]

1. e4 c6 2. d4 d5 3. e5 c5 4. c3 Nc6 5. Be2 cxd4 6. cxd4 Qb6 7. Nc3 e6 8. Nf3 Bb4 9. O-O Nge7 10. Na4 Qd8 11. a3 Ba5 12. b4 Bb6 13. Nc5 Bxc5 14. dxc5 Ng6 15. Bb2 Qc7 16. b5 Ncxe5 17. Nxe5 Nxe5 18. f4 Nd7 19. Bxg7 Rg8 20. Bd4 Nxc5 21. Qc2 b6 22. Qxh7 Rf8 23. Bg7 Bb7 24. Bxf8 Kxf8 25. f5 e5 26. f6 1-0


[Site "https://www.chess.com"]

[Event "Titled Tuesday Blitz August 22 Early 2023"]
[White "Serban, Cristian-Stefan"]
[Black "Bagrationi, Alexander"]
[WhiteFideId "1241443"]
[BlackFideId "14104954"]
[WhiteElo "2464"]
[BlackElo "2594"]
[Result "0-1"]
[Round "5"]
[TimeControl "180+1"]
[Date "2023.08.22"]
[WhiteClock "0:00:00"]
[BlackClock "0:00:11"]
[Board "105"]

1. d4 g6 2. e4 Bg7 3. Nc3 d6 4. f4 Nf6 5. Nf3 O-O 6. Bd3 Nc6 7. e5 dxe5 8. fxe5 Ng4 9. Ne2 Nb4 10. Be4 Nd5 11. Qd3 f5 12. exf6 Ngxf6 13. Ng3 Nxe4 14. Qxe4 Nf6 15. Qd3 c5 16. O-O cxd4 17. Qc4+ Kh8 18. Qxd4 Qxd4+ 19. Nxd4 Bd7 20. h3 Nd5 21. Nf3 Nb4 22. c3 Nc2 23. Rb1 Be6 24. Bg5 Bxa2 25. Rbc1 Bb3 26. Rf2 h6 27. Bxe7 Rfe8 28. Nh4 g5 29. Nhf5 Ne3 30. Nxe3 Rxe7 31. Nef5 Rd7 32. Nxg7 Kxg7 33. Nh5+ Kg6 34. g4 Rf7 35. Rcf1 Raf8 36. Rxf7 Rxf7 37. Ra1 b6 38. Ra3 Bc4 0-1


[Site "https://www.chess.com"]

[Event "Titled Tuesday Blitz August 22 Early 2023"]
[White "Aevengho"]
[Black "Sliwicki, Damian"]
[BlackFideId "1127128"]
[WhiteElo "2591"]
[BlackElo "2463"]
[Result "1-0"]
[Round "5"]
[TimeControl "180+1"]
[Date "2023.08.22"]
[WhiteClock "0:00:06"]
[BlackClock "0:00:10"]
[Board "106"]

1. e4 c5 2. Nf3 g6 3. Nc3 Nc6 4. d4 cxd4 5. Nxd4 Bg7 6. Be3 Nf6 7. Nxc6 bxc6 8. e5 Ng8 9. Bd4 Qc7 10. e6 Nf6 11. exf7+ Kxf7 12. Qd2 Rb8 13. O-O-O d5 14. f4 Qa5 15. Be5 Ne4 16. Nxe4 Qxa2 17. Ng5+ Ke8 18. Qc3 Bg4 19. Qxc6+ Kf8 20. Bxg7+ Kxg7 21. Qc3+ Kg8 22. Re1 e6 23. Be2 Bf5 24. Bd3 h6 25. Bxf5 gxf5 26. Nxe6 Rh7 27. Rhf1 Rhb7 28. b3 Re7 29. Rf3 Kh7 30. Rg3 Qa3+ 31. Kd2 Rg8 32. Rxg8 Kxg8 33. Qc8+ Kh7 34. Nf8+ Kg7 35. Rxe7+ Qxe7 36. Ne6+ Kf6 37. Nd4 Qe4 38. Qc3 Qxf4+ 39. Kd1 Qxh2 40. Nf3+ d4 41. Qxd4+ Qe5 42. Qxe5+ Kg6 43. c4 Kh5 44. c5 Kg4 45. c6 h5 46. c7 h4 47. c8=Q h3 48. Qg8+ Kh5 49. Qeh8# 1-0


[Site "https://www.chess.com"]

[Event "Titled Tuesday Blitz August 22 Early 2023"]
[White "dodoucb"]
[Black "Rosen, Eric"]
[BlackFideId "2032562"]
[WhiteElo "2460"]
[BlackElo "2584"]
[Result "1/2-1/2"]
[Round "5"]
[TimeControl "180+1"]
[Date "2023.08.22"]
[WhiteClock "0:00:13"]
[BlackClock "0:00:09"]
[Board "107"]

1. d4 d5 2. c4 e6 3. Nc3 Nf6 4. Bg5 c6 5. e3 Nbd7 6. Nf3 Qa5 7. Nd2 Bb4 8. Qc2 e5 9. a3 exd4 10. exd4 O-O 11. Be2 dxc4 12. Bxf6 Nxf6 13. Nxc4 Bxc3+ 14. Qxc3 Qg5 15. O-O Be6 16. Ne5 Rfd8 17. Rad1 Rd6 18. f4 Qf5 19. g3 Rad8 20. Bf3 Bd5 21. g4 Qc8 22. f5 Bxf3 23. Rxf3 c5 24. Rfd3 cxd4 25. Qxc8 Rxc8 26. Rxd4 Rxd4 27. Rxd4 h6 28. Rd2 Re8 29. Nc4 Nxg4 30. Nd6 Rd8 31. Kf1 Ne3+ 32. Ke1 Ng4 33. Nxb7 Rxd2 34. Kxd2 Nxh2 35. b4 Nf3+ 36. Ke3 Ne5 37. Ke4 Nc4 38. a4 h5 39. a5 f6 40. Nd8 Kf8 41. Nc6 a6 42. Nb8 Nd6+ 43. Kf4 Ke7 44. Nxa6 Kd7 45. Nc5+ Kc6 46. Ne6 h4 47. Kg4 h3 48. Kxh3 Nxf5 49. Kg4 Ne3+ 50. Kf3 Nd5 51. Nd4+ Kb7 52. b5 g6 53. Ke4 Nc3+ 54. Kd3 Nxb5 55. Nxb5 Ka6 56. Nd6 Kxa5 57. Ne8 f5 58. Ke3 Kb4 59. Kf4 Kc3 60. Ng7 Kd4 61. Nxf5+ Kd5 62. Nh4 Ke6 63. Kg5 Kf7 64. Ng2 Kg7 65. Ne3 Kf7 66. Nc4 Kg7 67. Nd2 Kf7 68. Nb1 Kg7 69. Na3 Kf7 70. Nc2 Ke6 71. Ne1 Kd5 72. Ng2 Ke4 73. Nh4 Ke3 74. Nxg6 1/2-1/2


[Site "https://www.chess.com"]

[Event "Titled Tuesday Blitz August 22 Early 2023"]
[White "Liu, Casper"]
[Black "Ezat, Mohamed"]
[WhiteFideId "1454153"]
[BlackFideId "10600906"]
[WhiteElo "2459"]
[BlackElo "2579"]
[Result "0-1"]
[Round "5"]
[TimeControl "180+1"]
[Date "2023.08.22"]
[WhiteClock "0:00:00"]
[BlackClock "0:01:23"]
[Board "108"]

1. e4 e5 2. d4 exd4 3. Qxd4 Nc6 4. Qe3 Nf6 5. Nc3 Bb4 6. Bd2 O-O 7. O-O-O Re8 8. Qf4 Bxc3 9. Bxc3 Nxe4 10. Bc4 Re7 11. Bxf7+ Kh8 12. Bd5 Nxc3 13. bxc3 d6 14. Nf3 Bd7 15. h4 Qf8 16. Qg3 Ne5 17. Ng5 c6 18. Be4 Bf5 19. Rxd6 Nc4 20. Rd4 b5 21. Bxf5 Qxf5 22. Rf4 Rae8 23. Rd1 Qc5 0-1


[Site "https://www.chess.com"]

[Event "Titled Tuesday Blitz August 22 Early 2023"]
[White "Derichs, Roger"]
[Black "Golubev, Mikhail"]
[WhiteFideId "4630076"]
[BlackFideId "14100983"]
[WhiteElo "2459"]
[BlackElo "2577"]
[Result "0-1"]
[Round "5"]
[TimeControl "180+1"]
[Date "2023.08.22"]
[WhiteClock "0:00:59"]
[BlackClock "0:00:47"]
[Board "109"]

1. Nf3 g6 2. c4 Bg7 3. Nc3 d6 4. d4 Nf6 5. e4 O-O 6. Be3 e5 7. dxe5 dxe5 8. Qxd8 Rxd8 9. Nd5 Na6 10. O-O-O Bg4 11. h3 Bxf3 12. gxf3 c6 13. Nxf6+ Bxf6 14. Be2 Nc7 15. f4 exf4 16. Bxf4 Ne6 17. Be3 Bd4 18. Bxd4 Nxd4 19. Bd3 Ne6 20. Kc2 Kg7 21. Kc3 Kf6 22. h4 Nf4 23. c5 Ke5 24. f3 Ne6 25. Bc4 Nxc5 26. Bxf7 Rxd1 27. Rxd1 Rf8 28. f4+ Kxf4 0-1


[Site "https://www.chess.com"]

[Event "Titled Tuesday Blitz August 22 Early 2023"]
[White "Jia, Haoxiang"]
[Black "Swicarz, Maciej"]
[WhiteFideId "8602999"]
[BlackFideId "1113585"]
[WhiteElo "2576"]
[BlackElo "2459"]
[Result "0-1"]
[Round "5"]
[TimeControl "180+1"]
[Date "2023.08.22"]
[WhiteClock "0:00:00"]
[BlackClock "0:00:59"]
[Board "110"]

1. d4 Nf6 2. Bf4 d5 3. e3 c5 4. c3 Nc6 5. Nf3 Qb6 6. Qb3 c4 7. Qc2 Bf5 8. Qc1 Nh5 9. Bg5 h6 10. Bh4 g5 11. Bg3 e6 12. Nbd2 Nxg3 13. hxg3 Bg7 14. b3 cxb3 15. axb3 Rc8 16. Qb2 a6 17. Be2 Qc7 18. O-O O-O 19. Rfc1 Qb6 20. b4 Na7 21. c4 dxc4 22. Nxc4 Qd8 23. Na5 Qe7 24. b5 Nxb5 25. Bxb5 axb5 26. Qxb5 Be4 27. Ne5 Bd5 28. Nd7 Rxc1+ 29. Rxc1 Rd8 30. Nc5 e5 31. dxe5 Qxe5 32. Ncxb7 Qe4 0-1


[Site "https://www.chess.com"]

[Event "Titled Tuesday Blitz August 22 Early 2023"]
[White "Fule, Simon"]
[Black "Colas, Joshua"]
[WhiteFideId "787515"]
[BlackFideId "2044447"]
[WhiteElo "2459"]
[BlackElo "2575"]
[Result "1-0"]
[Round "5"]
[TimeControl "180+1"]
[Date "2023.08.22"]
[WhiteClock "0:00:02"]
[BlackClock "0:00:04"]
[Board "111"]

1. e4 e6 2. d4 d5 3. Nc3 dxe4 4. Nxe4 Nf6 5. Bd3 Nc6 6. Nf3 Be7 7. O-O O-O 8. Ng3 b6 9. Re1 Bb7 10. c3 Re8 11. h3 Bd6 12. Qc2 h6 13. Bd2 e5 14. dxe5 Nxe5 15. Nxe5 Bxe5 16. Rad1 Bxg3 17. fxg3 Qd5 18. Rxe8+ Rxe8 19. Bf4 Qxa2 20. Bxc7 Nd5 21. Bf4 Qa5 22. Qf2 Qa4 23. Bc2 Qc4 24. Rd4 Qe2 25. Qxe2 Rxe2 26. Bb3 Nxf4 27. gxf4 Rxg2+ 28. Kf1 Rxb2 29. Bxf7+ Kxf7 30. Rd7+ Kf6 31. Rxb7 a5 32. c4 a4 33. c5 a3 34. c6 a2 35. Ra7 Rb1+ 36. Kf2 a1=Q 37. Rxa1 Rxa1 38. c7 Rd1 39. c8=Q Rd6 40. Qc7 Re6 41. Qd8+ Kf7 42. f5 Rf6 43. Qd7+ Kg8 44. Ke3 Kh7 45. h4 Kg8 46. h5 Kh7 47. Ke4 Kg8 48. Ke5 Kh7 49. Qe8 b5 50. Qxb5 Kg8 51. Qe8+ Kh7 52. Qe7 Ra6 53. Qe6 Ra5+ 54. Kd6 Ra6+ 55. Ke7 Ra7+ 56. Kf8 Ra8+ 57. Kf7 Ra7+ 58. Ke8 Ra8+ 59. Kd7 Ra7+ 60. Kc8 Ra8+ 61. Kb7 Rf8 62. Qg6+ Kg8 63. Kc7 Rf7+ 64. Kd8 Kf8 65. Qh7 Rf6 66. Qh8+ Kf7 67. Qe8# 1-0


[Site "https://www.chess.com"]